 Dungeon Crawl Stone Soup version 0.17.0-57-g0e89251 (webtiles) character file.

184 JokEr the Ruffian (level 5, -1/45 HPs)
             Began as a Ghoul Monk on Dec 7, 2015.
             Slain by Sigmund
             ... wielding a +0 scythe
              (3 damage)
             ... on level 4 of the Dungeon.
             The game lasted 00:08:52 (3079 turns).

JokEr the Ruffian (Ghoul Monk)                      Turns: 3079, Time: 00:08:53

Health: -1/45      AC: 10    Str: 16    XL:     5   Next: 63%
Magic:  4/4        EV:  5    Int:  5    God:
Gold:   158        SH:  0    Dex: 11    Spells: 0 memorised, 4 levels left

rFire  . . .     SeeInvis .       - Unarmed
rCold  + . .     Clarity  .     c - +0 plate armour
rNeg   + + +     SustAt   .     (no shield)
rPois  ∞         Gourm    .     (no helmet)
rElec  .         Spirit   .     (no cloak)
rCorr  +         Warding  .     (no gloves)
rMut   .         Stasis   .     (no boots)
MR     .....                    k - amulet of resist corrosion
Stlth  ..........               (no ring)
                                (no ring)

@: rotting, not resistant to hostile enchantments, extremely unstealthy
A: rotting body, claws 1, carnivore 3, cold resistance 1, negative energy
resistance 3, slow regeneration 1, torment resistance, unbreathing
a: no special abilities


You were on level 4 of the Dungeon.
You were not hungry.

You visited 1 branch of the dungeon, and saw 4 of its levels.

You collected 158 gold pieces.

Inventory:

Armour
 a - a +0 robe
 c - a +0 plate armour (worn)
 f - a +0 chain mail
Jewellery
 k - an amulet of resist corrosion (around neck)
Scrolls
 h - a scroll of teleportation
Potions
 e - a potion of flight
 i - 2 potions of ambrosia {unknown}
 j - a potion of haste {unknown}
 m - a potion of degeneration {unknown}
Comestibles
 b - a meat ration
 l - a beef jerky


   Skills:
 - Level 3.2 Fighting
 - Level 2.6 Dodging
 - Level 2.1 Stealth
 + Level 7.3 Unarmed Combat


You had 4 spell levels left.
You didn't know any spells.

Dungeon Overview and Level Annotations

Branches:
Dungeon (4/15)
 Temple: D:4-7

Altars:
Gozag
Sif Muna
The Shining One

Annotations:
D:4 Sigmund


Innate Abilities, Weirdness & Mutations

Your body is rotting away.
You thrive on raw meat.
You are immune to poison.
You have sharp fingernails.
You are carnivorous and can eat meat at any time.
Your flesh is cold resistant.
You are immune to negative energy.
You regenerate slowly when monsters are visible.
You are immune to unholy pain and torment.
You can survive without breathing.


Message History

You barely miss something. Something hits you!
You scratch something. You scratch something. Something hits you!
* * * LOW HITPOINT WARNING * * *
You miss something. Something hits you but does no damage.
You miss something. You scratch something but do no damage. Something hits you!
* * * LOW HITPOINT WARNING * * *
Read which item? (? for menu, Esc to quit)
Okay, then.
A magic dart appears from out of thin air!
The magic dart hits you!
* * * LOW HITPOINT WARNING * * *
A puff of flame appears from out of thin air!
The puff of flame misses you.
You start resting.
Sigmund appears from thin air!
Reactivating autopickup.
Sigmund hits you from afar with a scythe.
You die...

#......#.# #.#
#..........####.####
#.##########.......# #.#.#
#.......# #.#.#
######.......# #.#.#
#............## #.#.#
#..............
#.#)#####............##
#.#...@.#....[.......#
######.#(###.#.....##.#####
.........# #.@........#
##[#####.###.#.#.######
............#.#.#
#.#####.#.###.#.# #.#.#
#.#.# #.#.# #.#.# #.#.#
..#.#


You could see Sigmund.

Vanquished Creatures
  An orc priest (D:3)
  4 adders
  4 gnolls (D:4)
  An ooze (D:2)
  A worm (D:2)
  7 orcs
  2 giant cockroaches (D:3)
  10 goblins
  8 hobgoblins
  3 jackals (D:3)
  6 kobolds
  A ball python (D:2)
  4 bats
  2 giant newts
  4 rats
58 creatures vanquished.

Notes
Turn   | Place    | Note
--------------------------------------------------------------
     0 | D:1      | JokEr the Ghoul Monk began the quest for the Orb.
     0 | D:1      | Reached XP level 1. HP: 19/19 MP: 0/0
   338 | D:1      | Reached XP level 2. HP: 26/26 MP: 1/1
   648 | D:2      | Reached skill level 5 in Unarmed Combat
   720 | D:2      | Reached XP level 3. HP: 31/31 MP: 2/2
   978 | D:2      | Found a deep blue altar of Sif Muna.
  1206 | D:2      | Found an opulent altar of Gozag.
  1422 | D:2      | Reached skill level 6 in Unarmed Combat
  1422 | D:2      | Reached XP level 4. HP: 36/36 MP: 3/3
  1800 | D:3      | Found a glowing golden altar of the Shining One.
  2413 | D:3      | Reached XP level 5. HP: 33/45 MP: 4/4
  2592 | D:4      | Reached skill level 7 in Unarmed Combat
  3035 | D:4      | Noticed Sigmund
  3068 | D:4      | HP: 1/45 [something/magic dart (4)]
  3079 | D:4      | Slain by Sigmund

Action                   |  1- 3 |  4- 6 || total
-------------------------+-------+-------++-------
Melee: Unarmed           |    82 |   119 ||   201
  Use: Scroll            |     6 |     2 ||     8
       Potion            |       |     2 ||     2
  Eat: Chunk             |     1 |    18 ||    19
